 Dungeon Crawl Stone Soup version 0.20.1-1-g8b1a95d (webtiles) character file.

44 Linguinho the Vexing (level 3, 0/24 HPs)
             Began as a Demonspawn Enchanter on Oct 31, 2017.
             Slain by an adder (2 damage)
             ... on level 2 of the Dungeon.
             The game lasted 00:03:48 (1871 turns).

Linguinho the Vexing (Demonspawn Enchanter)         Turns: 1871, Time: 00:03:49

Health: 0/24       AC:  4    Str:  8    XL:     3   Next: 41%
Magic:  0/6        EV: 18    Int: 16    God:
Gold:   70         SH:  0    Dex: 19    Spells: 3/6 levels left

rFire    + . .     SeeInvis .   a - +1 dagger
rCold    . . .     Gourm    .   (no shield)
rNeg     . . .     Faith    .   b - +0 robe
rPois    .         Spirit   .   (no helmet)
rElec    .         Reflect  .   (no cloak)
rCorr    .         Harm     .   (no gloves)
MR       .....                  (no boots)
Stlth    ++++......             (no amulet)
Regen    0.1/turn               (no ring)
MPRegen  0.1/turn               (no ring)

@: agile
A: iridescent scales 1, fire resistance 1
a: no special abilities


You were on level 2 of the Dungeon.
You were not hungry.

You visited 1 branch of the dungeon, and saw 2 of its levels.

You collected 70 gold pieces.

Inventory:

Hand Weapons
 a - a +1 dagger (weapon)
Armour
 b - a +0 robe (worn)
Scrolls
 e - 3 scrolls of identify {unknown}
 f - a scroll of remove curse {unknown}
Potions
 i - a potion of agility
Books
 c - a book of Maledictions

   Spells                             Type                      Level
   a - Corona                         Hexes                        1
   b - Ensorcelled Hibernation        Hexes/Ice                    2
   c - Confuse                        Hexes                        3
   d - Tukima's Dance                 Hexes                        3
   e - Dazzling Spray                 Conjuration/Hexes            3
Comestibles
 d - 2 bread rations
 g - a royal jelly
 h - 2 fruits


   Skills:
 + Level 0.2 Fighting
 + Level 1.3 Short Blades
 + Level 1.8 Dodging
 + Level 3.3 Stealth
 + Level 2.1 Spellcasting
 + Level 3.3 Hexes
 + Level 0.6 Ice Magic


You had 3 spell levels left.
You knew the following spells:

 Your Spells              Type           Power        Failure   Level  Hunger
a - Corona                Hex            ##.....      5%          1    #......
b - Ensorcelled Hibernat  Hex/Ice        #.....       14%         2    ###....


Dungeon Overview and Level Annotations

Branches:
Dungeon (2/15)

Altars:


Innate Abilities, Weirdness & Mutations

You are partially covered in iridescent scales. (AC +2)
Your flesh is heat resistant. (rF+)


Message History

Aiming: Ensorcelled Hibernation
Press: ? - help, Shift-Dir - straight line, f/p - adder
Aim: an adder (chance to defeat MR: 49%)
The adder resists with some effort.
The adder bites you.
* * * LOW HITPOINT WARNING * * *
The adder barely misses you.
You closely miss the adder. The adder misses you.
You completely miss the adder. The adder bites you.
* * * LOW HITPOINT WARNING * * *
Casting: Ensorcelled Hibernation
Confirm with . or Enter, or press ? or * to list all spells.
You don't know that spell.
It was a potion of agility.
You feel agile all of a sudden. The adder closely misses you.
You barely miss the adder. The adder completely misses you.
You hit the adder.
The adder is moderately wounded.
The adder bites you.
You die...

##### #.#.#
#.#####.......#
#.#.# #.#
#.......[ #.#.#
#.# #.......#
#.#..
##.#####.......#
#.##.
#.#.............
#.#
####.########..###
#.# #.......# #).#
#S#####.# #..##
#@# #.## #...# #.#
#..####...# #.#
#.........#
#.#####..#####†.#
#........# ...#
########.# ##.#
#.# .# # #.# .# ##
#.# .#


You could see an adder.

Vanquished Creatures
  An adder (D:2)
  2 dart slugs
  3 bats (D:1)
  A goblin (D:2)
  4 hobgoblins
  6 jackals
  6 kobolds
  5 frilled lizards (D:1)
  2 rats
30 creatures vanquished.

Notes
Turn   | Place    | Note
-------+----------+-------------------------------------------
     0 | D:1      | Linguinho the Demonspawn Enchanter began the quest for the Orb.
     0 | D:1      | Reached XP level 1. HP: 13/13 MP: 3/3
   526 | D:1      | Gained mutation: You are partially covered in iridescent scales. (AC +2) [demonic ancestry]
   526 | D:1      | Reached XP level 2. HP: 17/19 MP: 3/5
   538 | D:1      | Reached skill level 1 in Short Blades
   820 | D:1      | Learned a level 2 spell: Ensorcelled Hibernation
  1661 | D:2      | Gained mutation: Your flesh is heat resistant. (rF+) [demonic ancestry]
  1661 | D:2      | Reached XP level 3. HP: 20/24 MP: 4/6
  1871 | D:2      | Slain by an adder

Skill      XL: |  1  2 |
---------------+-------+-----
Stealth        | 3 |  3.3
Short Blades   | 1 |  1.3
Fighting       | |  0.2
Dodging        | |  1.8
Spellcasting   | |  2.1
Hexes          | |  3.3
Ice Magic      | |  0.6

Action                   || total
-------------------------++-------
Melee: Dagger            ||   147
 Cast: Corona            ||    17
       Ensorcelled Hiber ||    12
  Use: Potion            ||     2
 Stab: Sleeping          ||    11
  Eat: Meat ration       ||     1
       Fruit             ||     1
Armor: Robe              ||    43
Dodge: Dodged            ||   107
